 Dungeon Crawl Stone Soup version 0.18-a0-1643-gb89d9db (webtiles) character file.

61 Magnus the Shooter (level 3, -7/23 HPs)
             Began as a High Elf Arcane Marksman on Mar 28, 2016.
             Mangled by a phantom (10 damage)
             ... on level 2 of the Dungeon.
             The game lasted 00:14:29 (3108 turns).

Magnus the Shooter (High Elf Arcane Marksman)       Turns: 3108, Time: 00:14:29

Health: -7/23      AC:  3    Str: 10    XL:     3   Next: 83%
Magic:  5/7        EV: 13    Int: 17    God:
Gold:   140        SH:  0    Dex: 15    Spells: 2 memorised, 3 levels left

rFire  . . .     SeeInvis .     q - +2 long sword (slice)
rCold  . . .     Gourm    .     b - +0 robe
rNeg   . . .     Faith    .     (no shield)
rPois  .         Spirit   .     (no helmet)
rElec  .         Dismiss  .     (no cloak)
rCorr  .         Reflect  .     l - +0 pair of gloves
SustAt .         Harm     .     (no boots)
MR     .....                    (no amulet)
Stlth  +.........               (no ring)
                                (no ring)

@: not resistant to hostile enchantments, very unstealthy
A: no striking features
a: no special abilities


You were on level 2 of the Dungeon.
You were not hungry.

You visited 1 branch of the dungeon, and saw 3 of its levels.

You collected 140 gold pieces.

Inventory:

Hand Weapons
 a - a +0 shortbow
 q - a +2 long sword of slicing (weapon)
Armour
 b - a +0 robe (worn)
 l - a +0 pair of gloves (worn)
Scrolls
 g - a scroll of enchant armour {unknown}
 h - 2 scrolls of identify {unknown}
 j - a scroll of remove curse {unknown}
 k - a scroll of noise {unknown}
 n - a scroll of fear {unknown}
 p - a scroll of magic mapping {unknown}
Potions
 e - 3 potions of curing {unknown}
 m - a potion of lignification {unknown}
 o - a potion of flight {unknown}
Books
 c - a book of Debilitation

   Spells                             Type                      Level
   a - Corona                         Hexes                        1
   b - Slow                           Hexes                        2
   c - Gell's Gravitas                Hexes/Translocation          3
   d - Inner Flame                    Hexes/Fire                   3
   e - Cause Fear                     Hexes                        4
   f - Leda's Liquefaction            Hexes/Earth                  4
Comestibles
 f - a bread ration
 i - a meat ration


   Skills:
 - Level 1.0 Fighting
 + Level 3.8 Bows
 + Level 3.3 Dodging
 + Level 2.4 Spellcasting
 - Level 3.0 Hexes


You had 3 spell levels left.
You knew the following spells:

 Your Spells              Type           Power        Failure   Level  Hunger
a - Corona                Hex            ##.....      6%          1    #......
b - Slow                  Hex            ##......     10%         2    ##.....


Dungeon Overview and Level Annotations

Branches:
Dungeon (3/15)

Altars:
Cheibriados

Annotations:
D:3 Grinder; Oper80's ghost, amateur HEAK


Message History

The phantom is moderately damaged.
The phantom barely misses you.
You slash the phantom!
The phantom is heavily damaged.
The phantom completely misses you.
You barely miss the phantom.
The phantom is heavily damaged.
The phantom is no longer moving slowly.
The phantom barely misses you.
You miss the phantom.
The phantom is heavily damaged.
The phantom misses you.
You hit the phantom.
The phantom is heavily damaged.
The phantom hits you.
* * * LOW HITPOINT WARNING * * *
The phantom blinks!
You slash the phantom!
The phantom is almost destroyed.
The phantom hits you!
You die...

#.(.# #.# ########.#
####...###### #.#####.....##W#
....).......#####....##.....##.#
............................##.#
............##.......##.....##.#
##.#...#.#####....#..##.....##.##
.#.#...#.#####....#..#########...
.#.#...#.##..........# ####
.#.#...#.##..<..@W...# #
.......#.##..........# #
.#.......####....#.#.############
.######### #.....###..#.....W...
.####### #....#.#.#ยง#.########
.......# #.##.#..##)#.#
#....#.######............#
#.##..........##.#####.###
#.####.######.#..#####.#


You could see a phantom.

Vanquished Creatures
  An adder (D:2)
  2 worms (D:2)
  A ball python (D:2)
  2 giant cockroaches
  4 hobgoblins
  A jackal (D:2)
  9 kobolds
  2 quokkas (D:2)
  9 bats
  A giant newt (D:2)
  5 goblins
  7 rats
44 creatures vanquished.

Notes
Turn   | Place    | Note
--------------------------------------------------------------
     0 | D:1      | Magnus the High Elf Arcane Marksman began the quest for the Orb.
     0 | D:1      | Reached XP level 1. HP: 13/13 MP: 3/3
   435 | D:1      | Reached XP level 2. HP: 18/18 MP: 5/5
  1130 | D:2      | Reached XP level 3. HP: 23/23 MP: 7/7
  1698 | D:2      | Learned a level 2 spell: Slow
  1710 | D:3      | Found a snail-covered altar of Cheibriados.
  1872 | D:3      | Noticed Grinder
  1872 | D:3      | Noticed a phantom
  2090 | D:3      | Noticed Oper80's ghost (amateur HEAK)
  2482 | D:2      | HP: 1/23 [phantom (2)]
  3108 | D:2      | Mangled by a phantom

Vault maps used:
D:1:      saegor_arrival_under_anarchy
D:2:      first_bread
D:3:      cheibriados_altar_1, ecumenical_altar_2, nicolae_tso_carved_into_rock,
          uniq_grinder

Skill      XL: |  1  2  3 |
---------------+----------+-----
Bows           | 3 |  3.8
Spellcasting   | 2 |  2.4
Dodging        | 3 |  3.3
Fighting       | |  1.0
Hexes          | |  3.0

Action                   || total
-------------------------++-------
Melee: Long sword        ||    27
 Fire: Shortbow          ||   169
 Cast: Corona            ||     6
       Slow              ||     9
  Eat: Chunk             ||     3
       Bread ration      ||     1
